Workbook

Sheet FLUXO DE CAIXA
B1: EXERCÍCIO FLUXO DE CAIXA
G3: FLUXO DE CAIXA
A5: Faturamento
C6: À vista | D6: A Prazo | I6: JULHO | J6: AGOSTO | K6: SETEMBRO
A7: Junho | C7: =B7*B13 -> 0 | D7: =B7*B14 -> 0 | G7: (=) Saldo Inicial | I7: 0 | J7: =I34 -> 0 | K7: =J34 -> 0
A8: Julho | C8: =B8*B13 -> 0 | D8: =B8*B14 -> 0 | G8: (+) | H8: Recebimentos | I8: =I9+I10 -> 0 | J8: =J9+J10 -> 0 | K8: =K9+K10 -> 0
A9: Agosto | C9: =B9*B13 -> 0 | D9: =B9*B14 -> 0 | H9: Recebimentos à vista
A10: Setembro | C10: =B10*B13 -> 0 | D10: =B10*B14 -> 0 | H10: Recebimentos à prazo
A12: Forma de pagamento
A13: à vista | G13: (-) | H13: Pagamentos | I13: =SUM(I14:I31) -> 0 | J13: =SUM(J14:J31) -> 0 | K13: =SUM(K14:K31) -> 0
A14: à prazo | H14: Aluguel
H15: Energia
H16: Água
H17: Celular
H18: Material de Escritório
H19: Material de Limpeza
H20: Imposto - Simples Nacional
H21: Terceirizados
H22: Salários
H23: Encargos Trabalhistas
H24: Pro-Labore
H25: Fornecedor
H26: Financiamento
H27: Juros s/ Financiamento
G33: (=) | H33: Saldo do Mês | I33: =I8-I13 -> 0 | J33: =J8-J13 -> 0 | K33: =K8-K13 -> 0
G34: (=) | H34: Saldo Final | I34: =I33+I7 -> 0 | J34: =J33+I34 -> 0 | K34: =J34+K33 -> 0

Sheet DRE
B1: EXERCÍCIO DRE - DEMONSTRATIVO DE RESULTADO DO EXERCÍCIO
C6: JULHO | E6: AGOSTO | G6: SETEMBRO
C7: R$ | D7: % | E7: R$ | F7: % | G7: R$ | H7: %
A8: Faturamento | C8: 0 | D8: 1 | E8: 0 | F8: 1 | G8: 0 | H8: 1
A9: (-) Custos Variáveis | C9: =SUM(C10:C13) -> 0 | D9: =C9/$C$8 -> #DIV/0! | E9: =SUM(E10:E13) -> 0 | F9: =E9/$E$8 -> #DIV/0! | G9: =SUM(G10:G13) -> 0 | H9: =G9/$G$8 -> #DIV/0!
B10: Impostos | C10: =C8*0.06 -> 0 | D10: =C10/$C$8 -> #DIV/0! | E10: =E8*0.06 -> 0 | F10: =E10/$E$8 -> #DIV/0! | G10: =G8*0.06 -> 0 | H10: =G10/$G$8 -> #DIV/0!
B11: CMV | C11: =C8*0.4 -> 0 | D11: =C11/$C$8 -> #DIV/0! | E11: =E8*0.4 -> 0 | F11: =E11/$E$8 -> #DIV/0! | G11: =G8*0.4 -> 0 | H11: =G11/$G$8 -> #DIV/0!
B12: Taxa de Cartão | C12: 0 | D12: =C12/$C$8 -> #DIV/0! | E12: 0 | F12: =E12/$E$8 -> #DIV/0! | G12: 0 | H12: =G12/$G$8 -> #DIV/0!
B13: Comissão | C13: 0 | D13: =C13/$C$8 -> #DIV/0! | E13: 0 | F13: =E13/$E$8 -> #DIV/0! | G13: 0 | H13: =G13/$G$8 -> #DIV/0!
D14: =C14/$C$8 -> #DIV/0! | F14: =E14/$E$8 -> #DIV/0! | H14: =G14/$G$8 -> #DIV/0!
A16: (=) Margem de Contribuição | C16: =C8-C9 -> 0 | D16: =C16/$C$8 -> #DIV/0! | E16: =E8-E9 -> 0 | F16: =E16/$E$8 -> #DIV/0! | G16: =G8-G9 -> 0 | H16: =G16/$G$8 -> #DIV/0!
A17: (-) Custos Fixos | C17: =SUM(C18:C28) -> 0 | D17: =C17/$C$8 -> #DIV/0! | E17: =SUM(E18:E28) -> 0 | F17: =E17/$E$8 -> #DIV/0! | G17: =SUM(G18:G28) -> 0 | H17: =G17/$G$8 -> #DIV/0!
B18: Aluguel | D18: =C18/$C$8 -> #DIV/0! | F18: =E18/$E$8 -> #DIV/0! | H18: =G18/$G$8 -> #DIV/0!
B19: Água | D19: =C19/$C$8 -> #DIV/0! | F19: =E19/$E$8 -> #DIV/0! | H19: =G19/$G$8 -> #DIV/0!
B20: Energia | D20: =C20/$C$8 -> #DIV/0! | F20: =E20/$E$8 -> #DIV/0! | H20: =G20/$G$8 -> #DIV/0!
B21: Telefone | D21: =C21/$C$8 -> #DIV/0! | F21: =E21/$E$8 -> #DIV/0! | H21: =G21/$G$8 -> #DIV/0!
B22: Pró-Labore | D22: =C22/$C$8 -> #DIV/0! | F22: =E22/$E$8 -> #DIV/0! | H22: =G22/$G$8 -> #DIV/0!
B23: Juros | D23: =C23/$C$8 -> #DIV/0! | F23: =E23/$E$8 -> #DIV/0! | H23: =G23/$G$8 -> #DIV/0!
B24: Salário | D24: =C24/$C$8 -> #DIV/0! | F24: =E24/$E$8 -> #DIV/0! | H24: =G24/$G$8 -> #DIV/0!
B25: Encargos Trabalhistas | D25: =C25/$C$8 -> #DIV/0! | F25: =E25/$E$8 -> #DIV/0! | H25: =G25/$G$8 -> #DIV/0!
B26: Material de Escritório | D26: =C26/$C$8 -> #DIV/0! | F26: =E26/$E$8 -> #DIV/0! | H26: =G26/$G$8 -> #DIV/0!
B27: Material de Limpeza | D27: =C27/$C$8 -> #DIV/0! | F27: =E27/$E$8 -> #DIV/0! | H27: =G27/$G$8 -> #DIV/0!
B28: Alimentação | D28: =C28/$C$8 -> #DIV/0! | F28: =E28/$E$8 -> #DIV/0! | H28: =G28/$G$8 -> #DIV/0!
B29: Vale Transporte | D29: =C29/$C$8 -> #DIV/0! | F29: =E29/$E$8 -> #DIV/0! | H29: =G29/$G$8 -> #DIV/0!
B30: Terceirizados | D30: =C30/$C$8 -> #DIV/0! | F30: =E30/$E$8 -> #DIV/0! | H30: =G30/$G$8 -> #DIV/0!
D31: =C31/$C$8 -> #DIV/0! | F31: =E31/$E$8 -> #DIV/0! | H31: =G31/$G$8 -> #DIV/0!
D32: =C32/$C$8 -> #DIV/0! | F32: =E32/$E$8 -> #DIV/0! | H32: =G32/$G$8 -> #DIV/0!
D33: =C33/$C$8 -> #DIV/0! | F33: =E33/$E$8 -> #DIV/0! | H33: =G33/$G$8 -> #DIV/0!
A34: (=) Resultado | C34: =C16-C17 -> 0 | D34: =C34/$C$8 -> #DIV/0! | E34: =E16-E17 -> 0 | F34: =E34/$E$8 -> #DIV/0! | G34: =G16-G17 -> 0 | H34: =G34/$G$8 -> #DIV/0!
A35: PONTO DE EQUILÍBRIO | C35: =(C17/C16)*C8 -> #DIV/0! | E35: =(E17/E16)*E8 -> #DIV/0! | G35: =(G17/G16)*G8 -> #DIV/0!

Sheet FC X DRE
A4: FLUXO DE CAIXA | G4: DRE
B7: Julho | C7: Agosto | D7: Setembro | H7: Julho | I7: Agosto | J7: Setembro
A8: Recebimentos | B8: ='FLUXO DE CAIXA'!I8 -> 0 | C8: ='FLUXO DE CAIXA'!J8 -> 0 | D8: ='FLUXO DE CAIXA'!K8 -> 0 | G8: Faturamento | H8: =DRE!C8 -> 0 | I8: =DRE!E8 -> 0 | J8: =DRE!G8 -> 0 | K8: =SUM(H8:J8) -> 0 | L8: =K8-E8 -> 0
A9: Pagamentos | B9: ='FLUXO DE CAIXA'!I13 -> 0 | C9: ='FLUXO DE CAIXA'!J13 -> 0 | D9: ='FLUXO DE CAIXA'!K13 -> 0 | G9: Custos Totais | H9: =DRE!C9+DRE!C17 -> 0 | I9: =DRE!E9+DRE!E17 -> 0 | J9: =DRE!G9+DRE!G17 -> 0
A11: Saldo de Caixa | B11: =B8-B9 -> 0 | C11: =C8-C9 -> 0 | D11: =D8-D9 -> 0 | G11: Resultado | H11: =H8-H9 -> 0 | I11: =I8-I9 -> 0 | J11: =J8-J9 -> 0
